 Dungeon Crawl Stone Soup version 0.23-a0-644-gb60d84b (webtiles) character file.

210 Borgoz the Sneak (level 6, 0/41 HPs)
             Began as a Halfling Assassin on Jan 2, 2019.
             Slain by an orc (2 damage)
             ... on level 3 of the Dungeon.
             The game lasted 00:03:49 (2347 turns).

Borgoz the Sneak (Halfling Assassin)                Turns: 2347, Time: 00:03:50

Health: 0/41       AC:  5    Str: 13    XL:     6   Next: 12%
Magic:  0/6        EV: 13    Int:  9    God:
Gold:   77         SH:  0    Dex: 17    Spells: 5/5 levels left

rFire    x . .     SeeInvis .   a - +2 dagger
rCold    + . .     Gourm    .   (shield restricted)
rNeg     . . .     Faith    .   m - -1 ring mail (curse)
rPois    .         Spirit   +   (no helmet)
rElec    .         Reflect  .   d - +0 cloak
rCorr    .         Harm     .   (no gloves)
MR       .....                  (no boots)
Stlth    +++.......             o - amulet of guardian spirit
HPRegen  0.13/turn              n - ring of ice
MPRegen  0.10/turn              (no ring)

@: no status effects
A: small, mutation resistance 1
a: no special abilities


You were on level 3 of the Dungeon.
You were hungry.

You visited 1 branch of the dungeon, and saw 3 of its levels.

You collected 77 gold pieces.

Inventory:

Hand Weapons
 a - a +2 dagger (weapon)
 b - a +0 blowgun
Missiles
 e - 8 poisoned needles
 f - 2 curare-tipped needles
Armour
 c - a +0 robe
 d - a +0 cloak (worn)
 m - a cursed -1 ring mail (worn)
Jewellery
 n - a ring of ice (left hand)
 o - an amulet of guardian spirit (around neck)
Scrolls
 h - a scroll of amnesia {unknown}
 i - a scroll of remove curse {unknown}
 k - a scroll of noise {unknown}
 t - a scroll of enchant armour {unknown}
 u - a scroll of immolation {unknown}
 v - 2 scrolls of identify {unknown}
Potions
 j - a potion of agility {unknown}
 l - a potion of degeneration {unknown}
 p - a potion of curing {unknown}
 q - a potion of magic {unknown}
 r - a potion of flight {unknown}
 s - 2 potions of mutation {unknown}
 w - a potion of haste {unknown}
Comestibles
 g - a ration


   Skills:
 + Level 2.4 Fighting
 + Level 4.4 Short Blades
 + Level 2.3 Throwing
 + Level 1.3 Armour
 + Level 1.8 Dodging
 + Level 6.0 Stealth


You had 5 spell levels left.
You didn't know any spells.
Your spell library was empty.

Dungeon Overview and Level Annotations

Branches:
Dungeon (3/15)

Altars:
Hepliaklqana
Kikubaaqudgha
Nemelex Xobeh
Ru
Sif Muna
Trog


Innate Abilities, Weirdness & Mutations

You are small and have problems with some larger weapons.
You are somewhat resistant to further mutation.


Message History

The orc closely misses you.
You closely miss the orc.
The orc is lightly wounded.
The orc hits you but does no damage.
You hit the orc but do no damage.
The orc is lightly wounded.
You hit the orc.
The orc is moderately wounded.
The orc hits you but does no damage.
You hit the orc but do no damage.
The orc is moderately wounded.
The orc hits you.
* * * LOW HITPOINT WARNING * * *
You hit the orc but do no damage.
The orc is moderately wounded.
The orc hits you but does no damage.
You closely miss the orc.
The orc is moderately wounded.
The orc hits you.
You die...

#.#.# #.#.# #.#.#
##.#.# ..#.# #.#.#
.#.#.#.#.#
..>...)..########..
.#.#.#)#)oo@.......
.......###########
#.#.#.# .%$..
#.#.#. ....... .#.#
#. #.


You could see 2 orcs.

Vanquished Creatures
  A scorpion (D:2)
  An orc wizard (D:3)
  5 adders
  3 worms
  2 dart slugs (D:2)
  5 orcs
  5 bats
  5 giant cockroaches
  7 goblins
  10 hobgoblins
  2 jackals (D:1)
  A quokka (D:2)
  2 ball pythons (D:1)
  7 frilled lizards
  11 kobolds
  2 rats
69 creatures vanquished.

Notes
Turn   | Place    | Note
-------+----------+-------------------------------------------
     0 | D:1      | Borgoz the Halfling Assassin began the quest for the Orb.
     0 | D:1      | Reached XP level 1. HP: 14/14 MP: 1/1
   375 | D:1      | Reached XP level 2. HP: 19/19 MP: 2/2
   706 | D:1      | Reached skill level 5 in Stealth
   740 | D:1      | Reached XP level 3. HP: 22/24 MP: 3/3
  1153 | D:2      | Noticed a scorpion
  1156 | D:2      | Killed a scorpion
  1156 | D:2      | Reached XP level 4. HP: 29/29 MP: 4/4
  1314 | D:2      | Reached XP level 5. HP: 34/34 MP: 5/5
  1443 | D:2      | Found a deep blue altar of Sif Muna.
  1474 | D:2      | Found a bloodstained altar of Trog.
  1476 | D:2      | Found a sacrificial altar of Ru.
  1476 | D:2      | Found a hazy altar of Hepliaklqana.
  1476 | D:2      | Found a sparkling altar of Nemelex Xobeh.
  1476 | D:2      | Found an ancient bone altar of Kikubaaqudgha.
  2196 | D:3      | Reached skill level 1 in Armour
  2315 | D:3      | Reached skill level 6 in Stealth
  2315 | D:3      | Reached XP level 6. HP: 5/41 MP: 0/6
  2345 | D:3      | HP: 2/41 [orc (3)]
  2347 | D:3      | Slain by an orc

Vault maps used:
D:1:      mrwooster_arrival_statue_2, minmay_misc_feat_four_crosses,
          minivault_25
D:2:      grunt_temple_overflow_open, lemuel_coloured_pillars_altar,
          roderic_lattice_a
D:3:      cheibrodos_thug_alley, st_stairs_9, chequers_serial_rivers_micro_c

Skill      XL: |  1  2  3  4  5 |
---------------+----------------+-----
Stealth        | 5 6 |  6.0
Short Blades   | 3 4 |  4.4
Fighting       | 2 |  2.4
Armour         | 1 |  1.3
Throwing       | |  2.3
Dodging        | |  1.8

Action                   |  1- 3 |  4- 6 || total
-------------------------+-------+-------++-------
Melee: Dagger            |    88 |   199 ||   287
 Stab: Sleeping          |     6 |     9 ||    15
  Eat: Chunk             |     1 |     3 ||     4
Armor: Robe              |    17 |       ||    17
       Ring mail         |     7 |    45 ||    52
Dodge: Dodged            |    63 |    90 ||   153

Table legend:
 A = Non-vault XP
 B = Vault XP
 C = Vault XP percentage of total XP
 D = Non-vault monster count
 E = Vault monster count
 F = Vault count percentage of total count
                 A         B        C        D         E       F
            +---------+---------+-------+---------+---------+-------
      Total |     283 |      17 |   5.7 |      58 |      11 |  15.9
            +---------+---------+-------+---------+---------+-------
        D:1 |      37 |       0 |   0.0 |      22 |       0 |   0.0
        D:2 |     173 |       0 |   0.0 |      26 |       0 |   0.0
        D:3 |      73 |      17 |  18.9 |      10 |      11 |  52.4
            +---------+---------+-------+---------+---------+-------
